[Event "Titled Tuesday Blitz July 4 Late 2023"]
[White "Toniutti, Ezio"]
[Black "Janaszak, Dawid"]
[WhiteFideId "113034"]
[BlackFideId "1119206"]
[WhiteElo "2512"]
[BlackElo "2599"]
[Result "0-1"]
[Round "11"]
[TimeControl "180+2"]
[Date "2023.07.04"]
[WhiteClock "0:00:02"]
[BlackClock "0:00:06"]
[Board "38"]

1. d4 d5 2. c4 e6 3. Nf3 c5 4. cxd5 exd5 5. g3 Nc6 6. Bg2 Nf6 7. O-O Be7 8. dxc5 Bxc5 9. Bg5 Be6 10. Nc3 d4 11. Bxf6 Qxf6 12. Ne4 Qe7 13. Nxc5 Qxc5 14. a3 Qb6 15. b4 O-O 16. Rc1 Rad8 17. Ng5 Bf5 18. Rc5 Bg6 19. Qd2 Rfe8 20. Re1 h6 21. Nh3 d3 22. Bxc6 bxc6 23. exd3 Rxe1+ 24. Qxe1 Bxd3 25. Nf4 Bh7 26. h4 Qa6 27. Qe3 Kh8 28. Kg2 Rd1 29. Qe8+ Bg8 30. b5 Qxa3 31. Rxc6 Qa1 32. Rc8 Rg1+ 33. Kf3 Qd1+ 34. Qe2 Qxe2+ 35. Kxe2 Rb1 36. Rb8 Kh7 37. Nd5 f6 38. Ne7 Bc4+ 39. Ke3 Rxb5 40. Rxb5 Bxb5 41. Kd4 g5 42. Kc5 Be2 43. Nd5 Kg6 44. Ne7+ Kh5 45. hxg5 fxg5 46. Nc6 Kg4 47. Nxa7 Kf3 48. Nc6 Kxf2 49. Nd4 Bg4 50. Kd5 Kxg3 51. Nc2 Kf2 52. Ke4 h5 53. Ne3 Bf3+ 54. Kf5 Kxe3 55. Kxg5 Kf2 56. Kh4 Kg2 57. Kg5 Kg3 0-1


[Site "https://www.chess.com"]

[Event "Titled Tuesday Blitz July 4 Late 2023"]
[White "Romero Ruscalleda, Josep"]
[Black "Sousa, Andre Ventura"]
[WhiteFideId "2231859"]
[BlackFideId "1917617"]
[WhiteElo "2457"]
[BlackElo "2592"]
[Result "1-0"]
[Round "11"]
[TimeControl "180+2"]
[Date "2023.07.04"]
[WhiteClock "0:00:15"]
[BlackClock "0:00:00"]
[Board "39"]

1. e4 c6 2. Nc3 d5 3. Nf3 Bg4 4. h3 Bxf3 5. Qxf3 e6 6. d4 Nf6 7. exd5 cxd5 8. Bd3 Nc6 9. Ne2 Bd6 10. c3 O-O 11. O-O e5 12. dxe5 Nxe5 13. Qe3 Nxd3 14. Qxd3 Qb6 15. Bg5 Ne4 16. Be3 Qxb2 17. Rfb1 Qa3 18. Qxd5 Rae8 19. Rb3 Qa6 20. Nd4 Nc5 21. Rb5 Re5 22. Qf3 b6 23. Bf4 Rfe8 24. Bxe5 Bxe5 25. Rbb1 f6 26. Re1 Na4 27. Qd5+ Kh8 28. Nc6 Nxc3 29. Qf7 Ne2+ 30. Rxe2 Bh2+ 31. Kxh2 Qxe2 32. Rc1 h6 33. Qg6 Rc8 34. Qg4 Qxg4 35. hxg4 b5 36. Rc2 a5 37. Kg3 Kh7 38. Kf4 Rc7 39. Nd4 Rd7 40. Nxb5 Rd5 41. a4 Rd1 42. Rc4 Ra1 43. Nd6 Ra2 44. Kg3 Kg6 45. Nf5 Kg5 46. f4+ Kg6 47. Rc7 Ra3+ 48. Kh4 Rh3+ 49. gxh3 1-0


[Site "https://www.chess.com"]

[Event "Titled Tuesday Blitz July 4 Late 2023"]
[White "Taranenko, Evgueniy"]
[Black "Sargsyan, Anna M."]
[WhiteFideId "14122138"]
[BlackFideId "13308130"]
[WhiteElo "2413"]
[BlackElo "2586"]
[Result "1-0"]
[Round "11"]
[TimeControl "180+2"]
[Date "2023.07.04"]
[WhiteClock "0:00:14"]
[BlackClock "0:00:00"]
[Board "40"]

1. e4 e5 2. Nf3 Nc6 3. Bc4 Bc5 4. O-O d6 5. c3 Nf6 6. d3 O-O 7. Be3 Bxe3 8. fxe3 Qe7 9. Nbd2 Be6 10. Qe1 Rad8 11. Nh4 Bxc4 12. Nxc4 Qe6 13. Nd2 d5 14. exd5 Nxd5 15. Nf5 g6 16. Ng3 Nde7 17. d4 Kg7 18. Nde4 b6 19. Rf6 Qd7 20. Qf2 Nd5 21. Rf1 Na5 22. dxe5 Qe7 23. Ng5 Rd7 24. Nf5+ gxf5 25. Qxf5 1-0


[Site "https://www.chess.com"]

[Event "Titled Tuesday Blitz July 4 Late 2023"]
[White "Ozates, Tuna"]
[Black "Mindhunter08"]
[WhiteFideId "6354521"]
[WhiteElo "2577"]
[BlackElo "2433"]
[Result "1-0"]
[Round "11"]
[TimeControl "180+2"]
[Date "2023.07.04"]
[WhiteClock "0:01:33"]
[BlackClock "0:00:52"]
[Board "41"]

1. e4 e5 2. Nf3 Nc6 3. Bb5 a6 4. Ba4 Nf6 5. Qe2 b5 6. Bb3 Be7 7. O-O O-O 8. c3 d6 9. Rd1 Bg4 10. h3 Bh5 11. d3 Na5 12. Bc2 c5 13. Nbd2 Qc7 14. Nf1 Nc6 15. Ng3 Bg6 16. Nh4 Rfd8 17. Nhf5 Bf8 18. Qf3 Ne7 19. Nh6+ Kh8 20. Bg5 gxh6 21. Bxf6+ Bg7 22. Bxg7+ Kxg7 23. h4 h5 24. d4 cxd4 25. Nf5+ Bxf5 26. exf5 f6 27. Bb3 dxc3 28. Rac1 Rac8 29. Be6 Rb8 30. Rxc3 Qb6 31. Qxh5 Kh8 32. Qf7 Ng8 33. Rc7 1-0


[Site "https://www.chess.com"]

[Event "Titled Tuesday Blitz July 4 Late 2023"]
[White "Yurovskykh, Oleksandr"]
[Black "micke12a"]
[WhiteFideId "14134020"]
[WhiteElo "2569"]
[BlackElo "2408"]
[Result "0-1"]
[Round "11"]
[TimeControl "180+2"]
[Date "2023.07.04"]
[WhiteClock "0:00:04"]
[BlackClock "0:00:09"]
[Board "42"]

1. d4 Nf6 2. Nf3 d5 3. c3 Bf5 4. Qb3 Qc8 5. Bg5 e6 6. e3 c5 7. c4 dxc4 8. Bxc4 Nc6 9. Bxf6 gxf6 10. dxc5 Bxc5 11. Nbd2 O-O 12. O-O Na5 13. Qa4 Nxc4 14. Qxc4 Be7 15. Rac1 Qd7 16. Nd4 Bg6 17. N2f3 e5 18. Qb5 Qxb5 19. Nxb5 Bd3 20. Nc7 Bxf1 21. Nxa8 Ba6 22. Nc7 Rc8 23. h3 Bd6 24. Rd1 Bxc7 25. Rc1 b6 26. Nh4 Bd6 27. Rd1 Bf8 28. Nf5 e4 29. Rd7 Rc5 30. g4 Bc8 31. Rxa7 Bxf5 32. gxf5 Rxf5 33. Rb7 Rb5 34. b3 Bc5 35. Kg2 Ra5 36. a4 Ra8 37. Kg3 Kg7 38. Kf4 Re8 39. b4 Bxb4 40. Rxb6 Ba5 41. Rb5 Bc7+ 42. Kf5 Re5+ 43. Rxe5 Bxe5 44. Kxe4 Kg6 45. a5 Bb8 46. a6 Kg5 47. Kf3 Kh4 48. Kg2 f5 49. f3 f4 50. e4 Kg5 51. Kf2 Ba7+ 52. Kg2 Kf6 53. h4 Ke5 54. h5 h6 55. Kh3 Kd4 56. Kg4 Ke3 57. e5 Bb8 58. Kf5 Kxf3 59. e6 fxe6+ 60. Kxe6 Ke3 61. Kf5 f3 62. Kg6 f2 63. Kxh6 f1=Q 64. Kh7 Qxa6 0-1


[Site "https://www.chess.com"]

[Event "Titled Tuesday Blitz July 4 Late 2023"]
[White "kripri"]
[Black "ArtemDyachuk"]
[WhiteElo "2369"]
[BlackElo "2568"]
[Result "0-1"]
[Round "11"]
[TimeControl "180+2"]
[Date "2023.07.04"]
[WhiteClock "0:00:03"]
[BlackClock "0:00:06"]
[Board "43"]

1. d4 Nf6 2. Bf4 g6 3. Nc3 Bg7 4. e3 O-O 5. h4 d6 6. h5 Nxh5 7. Rxh5 gxh5 8. Qxh5 Qe8 9. Bc4 e6 10. O-O-O a6 11. Nf3 f5 12. Qh4 Nd7 13. Ng5 Nf6 14. Rh1 h6 15. Nf3 Qg6 16. Qh3 Ng4 17. Nh4 Qf6 18. Qg3 Kh7 19. f3 e5 20. fxg4 exf4 21. exf4 fxg4 22. Nd5 Qxd4 23. Bd3+ Kg8 24. Ne7+ Kf7 25. Nxc8 Qxb2+ 26. Kd2 Raxc8 27. Bc4+ Kf6 28. Qxg4 Qd4+ 29. Bd3 Qb4+ 30. c3 Qa4 31. Qf5+ Ke7 32. Re1+ Kd8 33. Qg6 Qxa2+ 34. Bc2 Bxc3+ 35. Kxc3 Qa5+ 36. Kb2 Qxe1 37. Qxh6 Qe7 38. Ng6 Qf6+ 39. Kc1 Re8 40. Qh7 a5 41. Qh6 a4 42. Qh7 a3 43. g4 a2 44. g5 a1=Q+ 45. Kd2 Qfc3# 0-1


[Site "https://www.chess.com"]

[Event "Titled Tuesday Blitz July 4 Late 2023"]
[White "ElenGajger"]
[Black "Leitao, Rafael"]
[BlackFideId "2101246"]
[WhiteElo "2406"]
[BlackElo "2756"]
[Result "0-1"]
[Round "11"]
[TimeControl "180+2"]
[Date "2023.07.04"]
[WhiteClock "0:00:00"]
[BlackClock "0:00:11"]
[Board "44"]

1. e4 e5 2. d4 exd4 3. Nf3 Nc6 4. Bc4 Nf6 5. e5 Ne4 6. Bd5 Nc5 7. O-O Ne6 8. c3 d3 9. Qxd3 Be7 10. Re1 O-O 11. Nbd2 d6 12. exd6 cxd6 13. Nb3 Nc7 14. Be4 g6 15. Bh6 d5 16. Bxf8 Bxf8 17. Rad1 dxe4 18. Qxd8 Nxd8 19. Rxd8 exf3 20. gxf3 Be6 21. Rxa8 Nxa8 22. Nd4 Bd7 23. b4 Nb6 24. Nb3 Nd5 25. Rd1 Be6 26. Rd3 Nf4 27. Rd8 Ne2+ 28. Kf1 Nxc3 29. Nc5 Bc4+ 30. Kg2 Kg7 31. Nxb7 Nd5 32. a3 Be7 33. Rd7 Nf4+ 34. Kg1 Ne2+ 35. Kg2 Bh4 36. Nd6 Nf4+ 37. Kg1 Be6 38. Rxa7 Bd5 39. Ne8+ Kh6 40. Rd7 Bxf3 41. Rxf7 g5 42. Nf6 Kg6 43. Rxh7 Kxf6 44. Rf7+ Kxf7 0-1


[Site "https://www.chess.com"]

[Event "Titled Tuesday Blitz July 4 Late 2023"]
[White "Rodriguez, Santiago"]
[Black "Vdovin, Vadim"]
[WhiteFideId "3000591"]
[BlackFideId "24107158"]
[WhiteElo "2541"]
[BlackElo "2592"]
[Result "0-1"]
[Round "11"]
[TimeControl "180+2"]
[Date "2023.07.04"]
[WhiteClock "0:00:17"]
[BlackClock "0:00:40"]
[Board "45"]

1. d4 Nf6 2. Bg5 c5 3. d5 Ne4 4. Bc1 e6 5. c4 Be7 6. f3 Qa5+ 7. Nd2 Bh4+ 8. g3 Nxg3 9. Kf2 Nxh1+ 10. Kg2 Nf2 11. Qe1 g5 12. b4 Qc7 13. Bb2 Ng4 14. fxg4 Bxe1 15. Ne4 f5 16. gxf5 O-O 17. Rxe1 Qf4 18. Ng3 Qxc4 19. dxe6 Qxb4 20. Rb1 dxe6 21. Nf3 Nc6 22. Nxg5 Rxf5 23. Nxf5 exf5 24. Nf3 Be6 25. a3 Qb3 26. e3 Qc2+ 0-1


[Site "https://www.chess.com"]

[Event "Titled Tuesday Blitz July 4 Late 2023"]
[White "Ovchinnikov, Vsevolod"]
[Black "Belov, Alexei"]
[WhiteFideId "24176842"]
[BlackFideId "4128206"]
[WhiteElo "2587"]
[BlackElo "2538"]
[Result "1-0"]
[Round "11"]
[TimeControl "180+2"]
[Date "2023.07.04"]
[WhiteClock "0:00:04"]
[BlackClock "0:00:00"]
[Board "46"]

1. d4 e6 2. c4 d5 3. g3 Nf6 4. Bg2 Be7 5. Nf3 O-O 6. Nc3 dxc4 7. Ne5 Nc6 8. Bxc6 bxc6 9. Nxc6 Qe8 10. Nxe7+ Qxe7 11. Qa4 e5 12. dxe5 Qxe5 13. Bf4 Qc5 14. Be3 Qe5 15. Qb5 Qxb5 16. Nxb5 Rb8 17. Nc3 Rxb2 18. O-O-O Rb7 19. Bc5 Re8 20. f3 Be6 21. Rd4 h6 22. Rhd1 Kh7 23. Rd8 c6 24. Rxe8 Nxe8 25. e4 Nc7 26. f4 Bg4 27. Rd4 Nb5 28. Rxc4 Be6 29. Rb4 Rc7 30. Kc2 Nxc3 31. Kxc3 Bxa2 32. Ra4 Bb1 33. e5 Kg6 34. Bxa7 Kf5 35. Bc5 Kg4 36. Rb4 Bg6 37. Rb2 Kh3 38. Bd6 Ra7 39. Bc5 Ra1 40. Kb4 Rh1 41. Ka5 Rxh2 42. Rb3 Rg2 43. Kb6 Rxg3 44. Rb4 Rf3 45. Kxc6 Kg4 46. Kd6 Rxf4 47. Rb2 h5 48. Ke7 h4 49. Kf8 h3 50. Kxg7 Re4 51. Bd6 Kf3 52. Kf6 Rf4+ 53. Kg7 1-0


[Site "https://www.chess.com"]

[Event "Titled Tuesday Blitz July 4 Late 2023"]
[White "Prem, Pranav"]
[Black "Moksh Amit Doshi"]
[WhiteFideId "30901057"]
[BlackFideId "25064967"]
[WhiteElo "2535"]
[BlackElo "2586"]
[Result "1-0"]
[Round "11"]
[TimeControl "180+2"]
[Date "2023.07.04"]
[WhiteClock "0:00:13"]
[BlackClock "0:01:33"]
[Board "47"]

1. d4 Nf6 2. c4 g6 3. Nc3 d5 4. cxd5 Nxd5 5. e4 Nxc3 6. bxc3 Bg7 7. Bc4 c5 8. Ne2 Nc6 9. Be3 O-O 10. O-O Bg4 11. f3 Na5 12. Bd3 cxd4 13. cxd4 Be6 14. d5 Bxa1 15. Qxa1 Bd7 16. Bh6 f6 17. Bxf8 Qxf8 18. Qc3 Qd8 19. f4 Rc8 20. Qd4 b6 21. e5 Bg4 22. Ng3 Nc6 23. Qe4 f5 24. Qa4 Na5 25. Ba6 Rc3 26. d6 exd6 27. e6 Re3 28. Qd7 Qf6 29. Rc1 Rc3 30. Qf7+ Qxf7 31. exf7+ Kf8 32. Rxc3 Kxf7 33. Rc7+ Ke6 34. Rxa7 d5 35. Rxh7 d4 36. Ne2 Nc6 37. Bb5 Nb4 38. Nxd4+ Kd5 39. Nb3 Nxa2 40. Rg7 Nc3 41. Bf1 Ke4 42. Rxg6 Kxf4 43. Rxb6 Nd5 44. Rb5 Nc3 45. Rb4+ Ne4 46. h3 Bh5 47. Nd2 Ke3 48. Nxe4 fxe4 49. g4 1-0


[Site "https://www.chess.com"]

[Event "Titled Tuesday Blitz July 4 Late 2023"]
[White "Reprintsev, Alexander"]
[Black "Jaskolka, Tomasz"]
[WhiteFideId "14100541"]
[BlackFideId "1170791"]
[WhiteElo "2497"]
[BlackElo "2567"]
[Result "1-0"]
[Round "11"]
[TimeControl "180+2"]
[Date "2023.07.04"]
[WhiteClock "0:02:11"]
[BlackClock "0:01:20"]
[Board "48"]

1. e4 d5 2. exd5 Nf6 3. d4 Bg4 4. f3 Bf5 5. g4 Bg6 6. c4 e6 7. Nc3 exd5 8. g5 Nh5 9. cxd5 Be7 10. f4 O-O 11. Be2 Re8 12. Bxh5 Bxg5+ 13. Be2 Bh4+ 14. Kf1 Qd7 15. Bg4 f5 16. Be2 c6 17. Nf3 Bf6 18. Ne5 Qc7 19. Rg1 cxd5 20. Qb3 Bxe5 21. fxe5 Bf7 22. Bh6 g6 23. Rc1 Nc6 24. Nxd5 Qd8 25. Nf6+ Qxf6 26. exf6 Bxb3 27. axb3 Nxd4 28. Bc4+ Kh8 29. Bg7# 1-0


[Site "https://www.chess.com"]

[Event "Titled Tuesday Blitz July 4 Late 2023"]
[White "Vlassov, Nikolai"]
[Black "Deng, Henry"]
[WhiteFideId "4103360"]
[BlackFideId "30965454"]
[WhiteElo "2563"]
[BlackElo "2491"]
[Result "1-0"]
[Round "11"]
[TimeControl "180+2"]
[Date "2023.07.04"]
[WhiteClock "0:00:14"]
[BlackClock "0:00:00"]
[Board "49"]

1. e4 c5 2. c3 Nf6 3. e5 Nd5 4. d4 cxd4 5. cxd4 d6 6. Bc4 Nb6 7. Bb3 dxe5 8. Qh5 e6 9. dxe5 Nc6 10. Nc3 Nd4 11. Nf3 Nxb3 12. axb3 Be7 13. Bg5 O-O 14. Rd1 Qc7 15. h4 Bb4 16. Bd2 Bd7 17. Rh3 Bxc3 18. bxc3 Bc6 19. Bf4 Nd5 20. Bd2 Ne7 21. Qg5 Be4 22. h5 h6 23. Qf4 Bf5 24. Rg3 Kh8 25. Rxg7 Kxg7 26. Qxh6+ Kg8 27. Qg5+ Kh7 28. Qh6+ Kg8 29. Bg5 Qxc3+ 30. Kf1 Bd3+ 31. Kg1 Nf5 32. Qf6 Qc2 33. Rd2 Qb1+ 34. Kh2 Be4 35. Nh4 1-0


[Site "https://www.chess.com"]

[Event "Titled Tuesday Blitz July 4 Late 2023"]
[White "Czerw, Dawid"]
[Black "Taboas Rodriguez, Daniel"]
[WhiteFideId "1145746"]
[BlackFideId "2208466"]
[WhiteElo "2562"]
[BlackElo "2491"]
[Result "0-1"]
[Round "11"]
[TimeControl "180+2"]
[Date "2023.07.04"]
[WhiteClock "0:00:00"]
[BlackClock "0:01:20"]
[Board "50"]

1. e4 e5 2. Nf3 Nc6 3. Bb5 Nf6 4. d4 Nxd4 5. Nxd4 c6 6. Bc4 exd4 7. Qxd4 Qb6 8. Qxb6 axb6 9. e5 Ng4 10. f4 d5 11. Bd3 Bc5 12. Be2 Ne3 13. Bxe3 Bxe3 14. g3 Bh3 15. Bf3 O-O 16. Nc3 f6 17. exf6 Rxf6 18. Ke2 Re8 19. Rae1 Bxf4+ 20. Kd1 Rxe1+ 21. Rxe1 Bd6 22. Ke2 Re6+ 23. Kd2 Rxe1 24. Kxe1 Kf7 25. Ne2 Be5 26. c3 Bf5 27. Kd2 Ke6 28. Nc1 c5 29. Nd3 Bd6 30. b3 b5 31. c4 dxc4 32. bxc4 bxc4 33. Nb2 b5 34. Bc6 c3+ 35. Kxc3 Be5+ 36. Kb3 c4+ 37. Nxc4 bxc4+ 38. Kxc4 Kd6 39. Bf3 Be6+ 40. Kd3 Bxa2 41. Be4 Bb1+ 42. Ke3 Bxe4 43. Kxe4 Ke6 44. Kf3 Bd6 45. h3 Kd5 46. h4 Ke5 47. Kg4 Kf6 48. Kf3 Bc7 49. g4 Ke5 50. h5 Bd8 0-1


[Site "https://www.chess.com"]

[Event "Titled Tuesday Blitz July 4 Late 2023"]
[White "Shapiro, Viktor"]
[Black "Francisco Guecamburu, Candela Be"]
[WhiteFideId "4175700"]
[BlackFideId "160911"]
[WhiteElo "2485"]
[BlackElo "2556"]
[Result "1-0"]
[Round "11"]
[TimeControl "180+2"]
[Date "2023.07.04"]
[WhiteClock "0:02:17"]
[BlackClock "0:01:09"]
[Board "51"]

1. c4 c5 2. Nc3 Nc6 3. g3 g6 4. Bg2 Bg7 5. Nf3 d6 6. O-O e5 7. d3 Nge7 8. a3 a5 9. Rb1 O-O 10. Ne1 Be6 11. Nc2 d5 12. b3 h6 13. e4 d4 14. Nd5 f5 15. b4 axb4 16. axb4 Bxd5 17. exd5 Nxb4 18. Nxb4 cxb4 19. Rxb4 Qc7 20. Qb3 Ra7 21. d6 Qc5 22. dxe7 Qxe7 23. Rxb7 Rxb7 24. Qxb7 Qf6 25. Ba3 Re8 26. Bd5+ Kh7 27. Qf7 Qd8 28. Rb1 Rg8 29. Qxg8+ Qxg8 30. Bxg8+ 1-0


[Site "https://www.chess.com"]

[Event "Titled Tuesday Blitz July 4 Late 2023"]
[White "Philippe, Guillaume"]
[Black "Bruedigam, Martin"]
[WhiteFideId "36048763"]
[BlackFideId "24608033"]
[WhiteElo "2479"]
[BlackElo "2554"]
[Result "0-1"]
[Round "11"]
[TimeControl "180+2"]
[Date "2023.07.04"]
[WhiteClock "0:00:20"]
[BlackClock "0:01:11"]
[Board "52"]

1. e4 e5 2. Nf3 Nc6 3. Bb5 a6 4. Ba4 Nf6 5. Nc3 Bd6 6. d3 O-O 7. a3 Re8 8. g4 Bc5 9. Rg1 Nd4 10. g5 b5 11. gxf6 Qxf6 12. Nxd4 Bxd4 13. Qe2 Bxc3+ 14. bxc3 bxa4 15. Bg5 Qc6 16. Kd2 Rb8 17. Qe3 Re6 18. Rg3 d5 19. exd5 Qxd5 20. Bh6 Rg6 21. Rxg6 hxg6 22. Bg5 f6 23. Bh4 Bf5 24. Bg3 Rb2 25. Kc1 Rxc2+ 26. Kxc2 Qb3+ 27. Kc1 Qxc3+ 28. Kd1 Qxa1+ 29. Ke2 Qxa3 30. f4 Qb2+ 31. Kf3 Qb7+ 32. Kf2 exf4 33. Bxf4 a3 34. Qe8+ Kh7 35. Qa4 Qb2+ 36. Kg3 a2 0-1


[Site "https://www.chess.com"]

[Event "Titled Tuesday Blitz July 4 Late 2023"]
[White "Sadovsky, Artem"]
[Black "Romero Arzuaga, Yudel"]
[WhiteFideId "4155840"]
[BlackFideId "3521010"]
[WhiteElo "2542"]
[BlackElo "2398"]
[Result "1-0"]
[Round "11"]
[TimeControl "180+2"]
[Date "2023.07.04"]
[WhiteClock "0:01:48"]
[BlackClock "0:01:46"]
[Board "53"]

1. Nf3 d5 2. e3 c6 3. c4 Nf6 4. b3 Bg4 5. Bb2 e6 6. Be2 Nbd7 7. O-O Bd6 8. d3 h5 9. Nbd2 Qc7 10. Qc2 Ne5 11. c5 Nxf3+ 12. gxf3 Bxh2+ 13. Kg2 Bf5 14. f4 Bxf4 15. exf4 Qxf4 16. Nf3 Qg4+ 17. Kh1 Qh3+ 18. Nh2 Ng4 19. Bxg4 hxg4 20. Be5 Bxd3 21. Qc3 Qf3+ 22. Kg1 Rxh2 23. Bxh2 O-O-O 24. Qe5 Be4 25. Qc7# 1-0


[Site "https://www.chess.com"]

[Event "Titled Tuesday Blitz July 4 Late 2023"]
[White "Howell, David W L"]
[Black "Urbina Perez, Juan Antonio"]
[WhiteFideId "410608"]
[BlackFideId "2217368"]
[WhiteElo "2998"]
[BlackElo "2425"]
[Result "1/2-1/2"]
[Round "11"]
[TimeControl "180+2"]
[Date "2023.07.04"]
[WhiteClock "0:00:04"]
[BlackClock "0:00:20"]
[Board "54"]

1. c4 c6 2. e4 d5 3. exd5 cxd5 4. d4 Nf6 5. Nc3 g6 6. Qb3 Bg7 7. cxd5 O-O 8. Nge2 Nbd7 9. Nf4 Nb6 10. Be2 Bf5 11. O-O h6 12. Re1 Qd7 13. a4 Rad8 14. Bf3 g5 15. a5 Na8 16. Nh5 Nxh5 17. Bxh5 Nc7 18. Qxb7 Bxd4 19. Be3 Bf6 20. Bxa7 Nxd5 21. Qxd5 Qxd5 22. Nxd5 Rxd5 23. a6 Bxb2 24. Ra2 Bc3 25. Rc1 Rfd8 26. h3 Be5 27. Be3 g4 28. g3 Rd1+ 29. Rxd1 Rxd1+ 30. Kh2 Be4 31. f3 gxf3 32. Bf2 Bd4 33. a7 Bxf2 34. Rxf2 Ra1 35. Bxf3 Bxf3 36. Rxf3 Rxa7 37. g4 Ra4 38. Rf5 Kg7 39. Rb5 e6 40. Kg3 Ra3+ 41. Kg2 Kg6 42. Rb8 f6 43. Rb5 Rd3 44. Rb7 h5 45. Re7 hxg4 46. hxg4 Re3 47. Kf2 Re5 48. Kf3 Re1 49. Kf2 Re5 50. Kf3 Kh6 51. Rf7 Kg6 52. Re7 1/2-1/2


[Site "https://www.chess.com"]

[Event "Titled Tuesday Blitz July 4 Late 2023"]
[White "benny_aizenberg"]
[Black "Balla, Tamas-Kristof"]
[BlackFideId "1208497"]
[WhiteElo "2642"]
[BlackElo "2462"]
[Result "1-0"]
[Round "11"]
[TimeControl "180+2"]
[Date "2023.07.04"]
[WhiteClock "0:00:55"]
[BlackClock "0:00:11"]
[Board "55"]

1. g4 d5 2. g5 e5 3. h4 h6 4. g6 fxg6 5. d4 e4 6. c4 c6 7. Nc3 Nf6 8. Nh3 Bf5 9. Nf4 Bd6 10. cxd5 cxd5 11. Nfxd5 Nxd5 12. Nxd5 O-O 13. Nc3 Nc6 14. Be3 Kh8 15. Qd2 a6 16. O-O-O b5 17. Bh3 b4 18. Na4 Qa5 19. b3 Rac8 20. Kb1 Ne7 21. d5 Bxh3 22. Rxh3 Rfd8 23. Bb6 Qb5 24. Bxd8 Rxd8 25. Qc2 Nxd5 26. Qxe4 Be7 27. Rhd3 Bf6 28. Rxd5 Rxd5 29. Rxd5 Qb8 30. Nc5 Qh2 31. Rd1 Qxf2 32. Nd7 Bc3 33. Ne5 Qf6 34. Nxg6+ Kg8 35. h5 1-0


[Site "https://www.chess.com"]

[Event "Titled Tuesday Blitz July 4 Late 2023"]
[White "Karas, Marek"]
[Black "Ganiev, Roman"]
[WhiteFideId "14928558"]
[BlackFideId "4131452"]
[WhiteElo "2458"]
[BlackElo "2605"]
[Result "0-1"]
[Round "11"]
[TimeControl "180+2"]
[Date "2023.07.04"]
[WhiteClock "0:00:00"]
[BlackClock "0:00:06"]
[Board "56"]

1. d4 Nf6 2. Nf3 e6 3. g3 b6 4. Bg2 Bb7 5. O-O Be7 6. c4 O-O 7. d5 exd5 8. Nh4 Ne4 9. cxd5 Bxh4 10. Bxe4 Bf6 11. Nc3 Re8 12. Bg2 d6 13. e4 a5 14. Be3 Nd7 15. Rc1 Nc5 16. Bd4 Ba6 17. Re1 Nd3 18. Be3 Nxc1 19. Qxc1 h5 20. h4 b5 21. Ne2 g6 22. Nd4 b4 23. Nc6 Qd7 24. Bg5 Bg7 25. Kh2 f5 26. Bh3 Qf7 27. Qc2 Bb7 28. Re3 Bxc6 29. Qxc6 Bxb2 30. exf5 gxf5 31. Re7 Rxe7 32. Qxa8+ Re8 33. Qxa5 Bc3 34. Qb5 Re5 35. Bg2 Qe8 36. Qd3 Kg7 37. Qf3 Kg6 38. Qf4 Qf7 39. Qc4 c5 40. Qa6 Qd7 41. Qa8 Re8 42. Qa6 Bd4 43. Qf1 Qc7 44. Bf3 c4 45. Qd1 Re5 46. Bxh5+ Kg7 47. Qxd4 c3 48. Bf4 c2 49. Bxe5+ dxe5 50. Qe3 c1=Q 0-1


[Site "https://www.chess.com"]

[Event "Titled Tuesday Blitz July 4 Late 2023"]
[White "Castella Garcia, Fausto"]
[Black "Zavgorodniy, Sergiy"]
[WhiteFideId "3501922"]
[BlackFideId "14110148"]
[WhiteElo "2425"]
[BlackElo "2586"]
[Result "0-1"]
[Round "11"]
[TimeControl "180+2"]
[Date "2023.07.04"]
[WhiteClock "0:00:00"]
[BlackClock "0:01:10"]
[Board "57"]

1. e4 c6 2. Nc3 d5 3. Nf3 Bg4 4. h3 Bxf3 5. Qxf3 dxe4 6. Nxe4 Nd7 7. d4 Ngf6 8. Bd3 Nxe4 9. Qxe4 Nf6 10. Qh4 e6 11. O-O Be7 12. Bg5 h6 13. c3 O-O 14. Be3 Nd5 15. Qe4 Nf6 16. Qf3 Qc7 17. Rad1 Rfd8 18. Rfe1 Rd7 19. Bf4 Qb6 20. Be5 Rad8 21. g4 c5 22. h4 cxd4 23. Bxd4 Qxb2 24. g5 hxg5 25. hxg5 Nd5 26. Qh5 f5 27. Rxe6 Nf4 28. Bc4 Nxh5 29. Re2+ Kh7 30. Rxb2 Kg6 31. Rb5 a6 32. Re5 Nf4 33. Rde1 Bd6 34. R5e3 b5 35. Bb3 Kxg5 36. Rg3+ Kh6 37. Rf3 g5 38. Be5 Re7 39. Rxf4 gxf4 40. Bxf4+ Kg6 41. Rd1 Bc7 0-1


[Site "https://www.chess.com"]

[Event "Titled Tuesday Blitz July 4 Late 2023"]
[White "Tikhonov, Viacheslav"]
[Black "texie1"]
[WhiteFideId "44196407"]
[WhiteElo "2539"]
[BlackElo "2437"]
[Result "1-0"]
[Round "11"]
[TimeControl "180+2"]
[Date "2023.07.04"]
[WhiteClock "0:01:46"]
[BlackClock "0:01:35"]
[Board "58"]

1. d4 d5 2. c4 e6 3. Nf3 Nf6 4. g3 c6 5. Bg2 Nbd7 6. O-O Be7 7. Nc3 O-O 8. b3 a6 9. Qc2 b5 10. Rd1 Re8 11. e4 dxe4 12. Nxe4 Nxe4 13. Qxe4 Bb7 14. Ne5 Nxe5 15. Qxe5 Bf6 16. Qe4 Qe7 17. f4 Red8 18. Be3 Rd7 19. c5 Rad8 20. b4 g6 21. a4 Qf8 22. axb5 cxb5 23. Qxb7 Rxb7 24. Bxb7 Qg7 25. Rxa6 Bxd4 26. Bxd4 Rxd4 27. Ra8+ 1-0


[Site "https://www.chess.com"]

[Event "Titled Tuesday Blitz July 4 Late 2023"]
[White "Mikhalsky, Vladimir"]
[Black "Ambartsumova, Karina"]
[WhiteFideId "14144352"]
[BlackFideId "4166299"]
[WhiteElo "2422"]
[BlackElo "2537"]
[Result "0-1"]
[Round "11"]
[TimeControl "180+2"]
[Date "2023.07.04"]
[WhiteClock "0:00:02"]
[BlackClock "0:00:20"]
[Board "59"]

1. d4 Nf6 2. c4 e6 3. g3 c5 4. d5 exd5 5. cxd5 Bd6 6. Nc3 O-O 7. Bg2 a6 8. a4 Bc7 9. d6 Ba5 10. Nh3 Nc6 11. O-O Re8 12. Nf4 Rb8 13. Be3 b6 14. Nfd5 Nxd5 15. Nxd5 Bb7 16. Qc1 Re6 17. Bg5 f6 18. Bf4 Nd4 19. Qc4 Nxe2+ 20. Kh1 Kh8 21. Ra3 Nxf4 22. Qxf4 Re5 23. Nc7 Bxg2+ 24. Kxg2 Qc8 25. Re3 Qb7+ 26. Kh3 Bd2 27. g4 Bxe3 28. fxe3 Qe4 29. Nxa6 Qxe3+ 30. Qxe3 Rxe3+ 31. Kg2 Ra8 32. Nc7 Rxa4 33. g5 Re2+ 34. Kf3 Rxb2 35. gxf6 gxf6 36. Ke3 Rb3+ 37. Kd2 Ra2+ 38. Kc1 Ra1+ 39. Kc2 Rxf1 40. Kxb3 f5 41. Nd5 Rd1 42. Nxb6 Rxd6 43. Nc8 Rd3+ 44. Kc4 Rh3 45. Kxc5 f4 46. Kd4 Rxh2 47. Ke4 Rf2 48. Nd6 Kg7 49. Nf5+ Kf6 50. Nd6 h5 51. Ne8+ Kg5 52. Nd6 Kg4 53. Nf7 h4 54. Ne5+ Kg3 55. Nd3 h3 56. Nxf2 Kxf2 57. Kf5 h2 58. Kf6 h1=Q 0-1


[Site "https://www.chess.com"]

[Event "Titled Tuesday Blitz July 4 Late 2023"]
[White "Bilan, Danila"]
[Black "Gabdushev, Ruslan"]
[WhiteFideId "24161918"]
[BlackFideId "4137833"]
[WhiteElo "2518"]
[BlackElo "2411"]
[Result "1-0"]
[Round "11"]
[TimeControl "180+2"]
[Date "2023.07.04"]
[WhiteClock "0:00:03"]
[BlackClock "0:00:00"]
[Board "60"]

1. d4 c6 2. Nf3 d6 3. g3 h6 4. Bg2 g5 5. O-O Bg7 6. e4 Nd7 7. c3 Nf8 8. Nbd2 Ng6 9. Nc4 g4 10. Ne1 h5 11. Nd3 h4 12. Ne3 hxg3 13. hxg3 Qa5 14. d5 cxd5 15. exd5 Nf6 16. c4 Qc7 17. Bd2 Nd7 18. Rc1 Nde5 19. Bc3 Qd7 20. Nxe5 Bxe5 21. Re1 Kf8 22. b4 a5 23. a3 axb4 24. axb4 Bxc3 25. Rxc3 Ne5 26. Qd4 Ra2 27. c5 Kg8 28. Qf4 Qe8 29. Nf5 Bxf5 30. Qxf5 Kg7 31. Rxe5 dxe5 32. Qxe5+ f6 33. Qe4 Ra1+ 34. Bf1 Qg6 35. Qxg6+ Kxg6 36. Kg2 Rc8 37. Bd3+ Kf7 38. Bf5 Rc7 39. Bxg4 Rb1 40. Be6+ Kg7 41. Rc4 b5 42. Rg4+ 1-0


[Site "https://www.chess.com"]